AoeStats
← eric05

Black Forest

510182033Analyzed
3v3 RM · 4d ago on Sep 29, 2026· 56m 59s· 6 players
Game mode
Random Map
Map size
Normal (6 player)
Population
200
Speed
Normal
Resources
Standard
Victory
Conquest
Starting age
Dark Age
Ending age
Imperial Age
RankedLock teamsTeams togetherTeam positionsShared explorationLock speedFull tech treeHidden civsTurbo modeCheats
Victory
Defeat
🇩🇪 Ethiopians · Germany
1261
+14
1236
+15
🇨🇿 Armenians · Czechia
1142
+18
🇪🇸 Byzantines · Spain
1232
-17
🇪🇸 Saxons · Spain
1211
-16
🇪🇸 Bohemians · Spain
1166
-14
tttoni18
0:30 Loom
15:01 Feudal Age
17:26 Wheelbarrow
25:26 Double-Bit Axe
25:45 Town Watch
34:29 Castle Age
32:33 Scale Mail Armor
32:43 Forging
33:44 Stone Mining
33:41 Horse Collar
34:37 Gold Mining
35:42 Bow Saw
35:42 Heavy Plow
37:26 Caravan
38:12 Fortified Wall
46:01 Hand Cart
45:46 Town Patrol
46:08 Chain Mail Armor
46:28 Iron Casting
46:52 Coinage
46:42 Gambesons
46:42 Arson
46:58 Squires
46:44 Clerical Recruitment
51:44 Imperial Age
49:54 Man-at-Arms
49:54 Pikeman
51:54 Elite Varangian Guard
52:07 Shield Wall
52:57 Scale Barding Armor
53:27 Plate Mail Armor
JENDRIK
0:36 Loom
13:30 Feudal Age
14:17 Double-Bit Axe
14:49 Horse Collar
18:11 Town Watch
21:01 Castle Age
22:21 Fletching
24:22 Wheelbarrow
30:19 Fortified Wall
33:40 Imperial Age
30:43 Crossbowman
32:05 Bow Saw
32:10 Heavy Plow
33:16 Bodkin Arrow
33:21 Padded Archer Armor
33:50 Hand Cart
35:19 Chemistry
34:40 Ballistics
35:25 Siege Engineers
36:05 Arbalester
36:52 Bracer
37:15 Ballistics
38:08 Houfnice
38:19 Capped Ram
41:22 Two-Man Saw
41:36 Leather Archer Armor
42:43 Masonry
42:53 Wagenburg Tactics
44:38 Pikeman
46:01 Ring Archer Armor
45:31 Scale Mail Armor
45:42 Forging
45:48 Halberdier
46:28 Squires
51:31 Chain Mail Armor
52:08 Heavy Scorpion
55:09 Plate Mail Armor
55:14 Iron Casting
eric05
7:23 Loom
12:09 Feudal Age
13:22 Double-Bit Axe
16:09 Castle Age
17:09 Bow Saw
22:07 Scale Barding Armor
23:22 Chain Barding Armor
25:16 Redemption
26:44 Fishing Lines
30:13 Light Cavalry
31:51 Stone Mining
31:52 Gold Mining
32:40 Sanctity
35:41 Imperial Age
34:04 Husbandry
34:54 Wheelbarrow
37:05 Conscription
37:57 Chemistry
37:13 Horse Collar
38:36 Two-Man Saw
37:44 Gillnets
40:00 Fortified Wall
40:11 Ballistics
39:37 Hussar
42:03 Plate Barding Armor
41:39 Forging
41:46 Heavy Plow
43:23 Crop Rotation
43:01 Elite Cataphract
44:56 Logistica
45:22 Hoardings
45:05 Caravan
47:53 Iron Casting
48:05 Treadmill Crane
Domination
1:50 Loom
12:25 Feudal Age
12:35 Man-at-Arms
13:20 Arson
14:22 Double-Bit Axe
16:32 Wheelbarrow
17:52 Horse Collar
23:21 Castle Age
21:05 Fishing Lines
23:48 Fletching
23:59 Padded Archer Armor
23:54 Gold Mining
23:38 Crossbowman
24:53 Bow Saw
28:14 Gold Shaft Mining
31:30 Imperial Age
30:30 Hand Cart
30:42 Thumb Ring
31:03 Bodkin Arrow
34:05 Chemistry
33:26 Ballistics
34:17 Arbalester
35:51 Leather Archer Armor
35:33 Gillnets
42:17 Torsion Engines
45:08 Two-Man Saw
44:02 Stone Mining
44:21 Heavy Plow
44:39 Bracer
45:09 Ring Archer Armor
44:50 Forging
44:40 Scale Mail Armor
44:42 Squires
45:01 Onager
46:17 Siege Engineers
46:08 Murder Holes
46:44 Halberdier
49:45 Caravan
52:22 Chain Mail Armor
52:42 Iron Casting
54:53 Conscription
56:49 Heavy Cavalry Archer
57:43 Fortified Wall
57:24 Heated Shot
57:44 Masonry
57:45 Careening
57:46 Clinker Construction
namrskal
0:47 Loom
15:25 Feudal Age
20:30 Castle Age
18:56 Double-Bit Axe
19:57 Gold Mining
21:57 Bow Saw
22:37 Scale Mail Armor
22:32 Stone Mining
26:52 Horse Collar
28:24 Gold Shaft Mining
29:26 Wheelbarrow
29:33 Town Watch
30:53 Heavy Plow
34:35 Imperial Age
32:19 Fortified Wall
32:30 Ballistics
32:42 Caravan
33:37 Fervor
33:48 Sanctity
33:45 Forging
33:26 Fletching
34:12 Masonry
35:21 Hand Cart
35:31 Chain Mail Armor
35:52 Iron Casting
35:44 Man-at-Arms
36:10 Gambesons
36:59 Plate Mail Armor
36:36 Fereters
36:52 Conscription
36:40 Capped Ram
37:03 Long Swordsman
37:44 Squires
39:41 Chemistry
38:40 Two-Handed Swordsman
38:41 Pikeman
39:06 Arson
40:26 Blast Furnace
39:21 Bodkin Arrow
39:28 Padded Archer Armor
39:38 Siege Ram
39:48 Champion
41:28 Onager
44:34 Elite Skirmisher
45:31 Bracer
45:48 Leather Archer Armor
Prince Of The Darkness
11:09 Feudal Age
14:51 Castle Age
12:50 Double-Bit Axe
13:06 Horse Collar
14:37 Loom
16:23 Bow Saw
16:24 Heavy Plow
19:26 Fletching
23:28 Bodkin Arrow
24:21 Padded Archer Armor
25:09 Scale Barding Armor
31:11 Leather Archer Armor
31:05 Wagenburg Tactics
33:01 Wheelbarrow
36:42 Imperial Age
37:47 Conscription
38:06 Scale Mail Armor
38:16 Forging
37:28 Cavalier
39:09 Bracer
39:28 Hussite Reforms
38:49 Elite Hussite Wagon
41:14 Husbandry
40:35 Cavalier
41:12 Pikeman
42:27 Hand Cart
43:16 Halberdier
44:36 Squires
44:53 Chain Mail Armor
45:13 Iron Casting
46:57 Elite Skirmisher
48:18 Ring Archer Armor
48:08 Chain Barding Armor
48:24 Iron Casting
48:24 Plate Mail Armor
48:29 Iron Casting
49:41 Ring Archer Armor
50:35 Chemistry
49:46 Masonry
49:09 Crossbowman
52:22 Blast Furnace
52:20 Houfnice
54:27 Arson
54:52 Murder Holes
55:06 Siege Engineers
55:31 Architecture
55:12 Fortified Wall
56:50 Guilds
57:11 Coinage
56:44 Caravan
Connection lost

Rejoining the realm…

Still unreachable

The connection could not be restored.

Session expired

The server has moved on; the page needs a fresh start.